Map: New Gettysburg LE

Players

Gracz

  • Race: Terran Terran
  • League: Silver

AlexSchelvis - Winner!

  • Race: Terran Terran
  • League: Silver

VOD

Have the link to the VOD?

Description

Time

  • Played on: Sept. 25, 2016, 8:39 a.m.
  • Length: 27:28
Show
View Real Time Build Order
Export as new Build Order

Gracz Terran 

Build Orders: MMM Bio 

Get SALT Encoding   

  12  0:01  SCV  
  13  0:16  Supply Depot  
  13  0:20  SCV  
  14  0:35  Supply Depot  
  14  0:40  Barracks  
  14  0:44  SCV  
  15  0:56  SCV  
  16  1:02  Barracks  
  16  1:08  Refinery  
  17  1:11  SCV  
  17  1:23  SCV  
  18  1:36  Refinery, SCV  
  19  1:48  Orbital Command  
  19  1:54  Reaper  
  20  2:07  Reaper  
  21  2:52  Command Center  
  21  2:57  Bunker  
  21  2:58  Barracks Tech Lab x2  
  21  3:04  Barracks  
  21  3:07  Factory  
  21  3:21  SCV  
  22  3:33  SCV  
  21  3:58  Barracks Reactor  
  21  3:59  Combat Shields, Stimpack  
  21  4:02  Factory Tech Lab, SCV  
  22  4:08  Starport  
  22  4:16  Starport  
  22  4:18  SCV x2  
  24  4:25  Supply Depot  
  24  4:31  Supply Depot  
  24  4:38  SCV  
  25  4:50  SCV  
  25  4:52  Starport Reactor  
  26  4:54  Starport Reactor  
  26  4:55  Siege Tank  
  29  5:01  Marauder  
  29  5:05  Orbital Command  
  31  5:13  Supply Depot  
  31  5:19  Supply Depot  
  31  5:25  Marine x2  
  31  5:26  Supply Depot  
  33  5:58  Marine x4  
  37  6:04  Medivac  
  39  6:17  Marauder x2  
  43  6:29  Marine  
  43  6:30  Marine  
  45  6:34  Concussive Shells  
  45  6:36  Barracks  
  45  6:38  Marauder x2  
  49  6:47  Marine x2  
  51  6:59  Marine x2  
  51  7:01  Command Center  
  53  7:05  Marine  
  54  7:33  Medivac x4  
  54  7:36  Marine x3  
  54  7:37  Marine x2  
  67  7:51  Supply Depot  
  67  7:54  Marine x2  
  69  8:03  Medivac x3  
  70  9:25  Medivac x4  
  78  9:33  SCV x2  
  78  9:36  Barracks Reactor, Marine  
  78  9:37  Marine x3  
  84  9:45  SCV x2  
  86  9:54  Marine x3  
  86  9:55  Marine  
  86  9:57  SCV  
  91  10:08  SCV  
  91  10:12  Marine x2  
  91  10:13  Marauder  
  96  10:20  SCV  
  97  10:25  Marine  
  97  10:26  Marine x2  
  100  10:30  Marine, SCV  
  100  10:31  Marauder  
  100  10:32  SCV  
  100  10:34  Marauder  
  107  10:36  Refinery  
  107  10:42  SCV  
  108  10:43  Marine  
  109  10:52  SCV, Marauder  
  109  10:54  SCV  
  109  10:56  Engineering Bay, Marauder  
  115  10:58  Engineering Bay  
  115  11:04  SCV  
  116  11:20  Marauder x2, Orbital Command  
  120  11:42  Marine x3, Marauder  
  125  11:49  Marine  
  126  11:54  Terran Infantry Armor Level 1, Terran Infantry Weapons Level 1  
  126  12:42  Marine  
  126  12:43  Marine x5  
  132  12:52  SCV  
  132  12:53  Medivac x4  
  132  12:58  Missile Turret  
  141  13:05  Refinery  
  141  13:36  Marine  
  141  13:38  Marine  
  141  13:42  Marine  
  114  16:07  Command Center  
  114  16:39  Command Center  
  114  16:40  Marine  
  114  16:41  Marine x5  
  114  16:47  Medivac x2  
  124  16:58  Marine  
  124  16:59  Marine x5  
  130  17:16  Marine, Medivac  
  130  17:17  Marine  
  130  17:18  Marine x4, Medivac  
  130  17:19  High Capacity Fuel Tanks  
  140  17:26  Supply Depot  
  140  17:29  Supply Depot  
  140  17:34  Marine x2  
  140  17:36  Marine x4  
  146  17:40  Armory  
  146  17:49  Building Armor  
  146  17:54  Marine x2  
  148  18:10  Orbital Command  
  148  18:27  Marine  
  148  18:28  Marine x4  
  148  18:32  Orbital Command  
  119  19:42  Marine  
  119  19:43  Marine x5  
  90  20:00  Marine  
  90  20:01  Marine x5  
  83  20:18  Marine x5  
  82  20:27  Barracks  
  78  20:30  Barracks  
  78  20:32  Barracks  
  78  20:34  Barracks  
  77  20:37  Barracks  
  77  20:42  Supply Depot  
  72  20:44  Supply Depot  
  72  20:48  Supply Depot  
  72  21:22  Marine  
  72  21:23  Marine x4  
  77  21:40  Marine  
  77  21:41  Marine x4  
  81  21:58  Marine x4  
  81  21:59  Marine  
  61  22:43  Marine x5  
  48  23:01  Marine x5  
  49  23:18  Marine x5  
  42  23:36  Marine x2  
  39  23:48  Factory  
  35  24:03  Command Center  
  35  24:13  Barracks  
  35  24:15  Barracks  
  35  24:20  Barracks  
  35  24:23  Supply Depot  
  35  24:25  Supply Depot  
  35  24:27  Supply Depot  
  35  24:28  Supply Depot  
  35  24:29  Supply Depot  
  35  24:32  Supply Depot  
  35  24:33  Supply Depot  
  35  24:35  Supply Depot  
  35  24:37  Starport  
  35  24:51  Starport  
  35  24:52  Starport x2  
  35  25:06  Starport x2  
  35  25:07  Starport  
  35  25:10  Marine x2  
  35  25:11  Marine  
  38  25:19  Viking  
  40  25:28  Marine x3  
  40  25:29  Orbital Command  
  40  25:35  Supply Depot x2  
  43  25:41  Supply Depot  
  43  25:46  Marine, Viking x6  
  43  25:49  Viking  
  58  26:15  Viking  
  58  26:16  Viking x2  
  64  26:28  Viking  
  64  26:29  Viking x3  
  72  26:35  Marine x3  
  75  26:45  Viking  
  75  26:46  Viking x2  
  81  26:53  Marine x3  
Show
View Real Time Build Order
Export as new Build Order

AlexSchelvis Terran - Winner!

Build Orders: MMM Bio 

Get SALT Encoding   

  12  0:01  SCV  
  13  0:19  Supply Depot  
  13  0:20  SCV  
  14  0:34  Refinery, SCV  
  15  0:50  Barracks  
  15  0:57  SCV  
  16  1:12  SCV  
  17  1:29  SCV  
  17  1:31  Command Center  
  18  1:41  SCV  
  19  1:51  Barracks Reactor  
  19  1:53  Bunker  
  19  2:17  SCV  
  20  2:24  Supply Depot  
  20  2:28  Marine x2  
  22  2:32  SCV  
  23  2:40  Factory  
  23  2:46  Barracks  
  23  2:47  Supply Depot  
  23  2:54  SCV  
  23  2:55  SCV  
  23  2:57  Refinery  
  25  3:09  Orbital Command  
  25  3:14  Orbital Command  
  25  3:20  Marine x2  
  27  3:31  Starport  
  27  3:35  Factory Reactor  
  27  3:47  Marine x2  
  29  3:51  SCV  
  30  4:06  Supply Depot  
  30  4:14  Barracks Reactor  
  30  4:22  Factory Tech Lab  
  30  4:24  Barracks  
  30  4:26  SCV  
  31  4:32  Medivac  
  31  4:33  Medivac  
  35  4:41  Marine  
  35  4:42  Marine  
  37  4:46  Engineering Bay  
  37  4:52  SCV  
  38  5:00  Marine x2  
  40  5:09  Siege Tank  
  40  5:13  Engineering Bay  
  43  5:17  Barracks Tech Lab, Barracks  
  43  5:24  Marine x2  
  43  5:25  Marine  
  43  5:26  Marine  
  47  5:31  Terran Infantry Weapons Level 1  
  47  5:41  Armory  
  47  5:53  Terran Infantry Armor Level 1  
  47  5:57  SCV  
  48  5:59  SCV  
  49  6:05  Marine x3  
  49  6:06  Marine  
  49  6:07  Marine x2  
  55  6:12  Stimpack  
  55  6:18  Refinery  
  55  6:19  SCV  
  55  6:21  Refinery  
  55  6:24  SCV  
  57  6:31  SCV  
  58  6:34  Siege Tank  
  58  6:36  SCV  
  62  6:48  Marine x6, SCV x2  
  70  7:00  SCV x2  
  72  7:02  Supply Depot  
  72  7:03  Supply Depot  
  72  7:05  Supply Depot x2  
  72  7:06  Marine x2  
  74  7:12  SCV x2  
  76  7:24  SCV  
  76  7:29  Marine x4  
  80  7:30  Marine x2  
  80  7:36  Siege Tank  
  80  7:37  SCV  
  87  7:39  Medivac x2  
  91  8:09  Marine  
  91  8:10  Marine x5  
  97  8:13  Combat Shields  
  97  8:18  Command Center  
  94  8:52  Liberator x2  
  90  9:23  Marine, Starport  
  90  9:24  Marine x2, Starport  
  92  9:25  Marine  
  94  9:35  Liberator x2  
  94  9:46  Siege Tank  
  103  9:55  SCV  
  104  10:01  Starport Tech Lab  
  104  10:02  Starport Tech Lab  
  104  10:05  Fusion Core  
  104  10:09  Terran Infantry Weapons Level 2  
  104  10:10  Terran Infantry Armor Level 2  
  104  10:18  Refinery  
  104  10:40  Refinery, SCV  
  105  10:52  SCV  
  106  11:04  SCV  
  107  11:19  Battlecruiser x2  
  119  11:26  Weapon Refit  
  119  11:32  Marine x3  
  120  11:33  Marine x3  
  125  12:01  Marine x6  
  125  12:07  Supply Depot  
  131  12:09  Behemoth Reactor  
  131  12:10  Supply Depot  
  131  12:11  Supply Depot  
  131  12:12  Supply Depot  
  131  12:19  Marine x6  
  131  12:21  Viking x2  
  141  12:25  Battlecruiser x2  
  153  12:36  Marine x2  
  155  12:56  Viking x2  
  159  13:25  Command Center  
  159  13:29  Battlecruiser  
  159  13:30  Battlecruiser  
  169  14:38  Refinery x2  
  161  14:43  Battlecruiser x2  
  161  14:45  Medivac x2  
  175  15:18  SCV  
  174  15:30  SCV  
  169  15:36  Terran Infantry Weapons Level 3  
  169  15:37  Terran Infantry Armor Level 3  
  169  15:47  Battlecruiser x2  
  169  15:49  Missile Turret  
  181  15:51  Missile Turret  
  181  15:52  Missile Turret  
  181  15:53  Missile Turret  
  181  16:11  Missile Turret  
  181  16:13  Advanced Ballistics  
  181  16:34  Concussive Shells  
  181  16:39  Viking x2  
  185  16:51  Battlecruiser x2  
  197  17:30  High Capacity Fuel Tanks  
  197  17:40  Marine x2  
  197  17:41  Marine  
  200  17:55  Command Center  
  174  19:40  Battlecruiser x2  
  174  19:42  Viking x2  
  186  20:51  Battlecruiser x2  
  198  22:29  Battlecruiser x2  
  198  24:23  Viking  
  200  26:46  Command Center  
Tags
 
Add a new tag
Caveats
  • Supply blocks, unpowered buildings, or Contaminate may cause inaccurate times.
  • Supply counts are checked every 10 seconds.